 Dungeon Crawl Stone Soup version 0.31.0-9-g3a7656b989 (webtiles) character file.

Game seed: 8720969567476235295

710 GordonOverkill the Sneak (level 8, -14/43 HPs)
             Began as a Formicid Delver on Jan 25, 2024.
             Was a Believer of Cheibriados.
             Demolished by a two-headed ogre
             ... wielding a +0 giant club
              (29 damage)
             ... on level 6 of the Dungeon.
             The game lasted 00:10:33 (6655 turns).

GordonOverkill the Sneak (Formicid Delver)          Turns: 6655, Time: 00:10:33

Health: -14/43     AC:  6    Str: 25 (28) XL:     8   Next: 0%
Magic:  0/8        EV: 10    Int: 11 (14) God:    Cheibriados [**....]
Gold:   232        SH:  0    Dex: 19      Spells: 7/7 levels left

rFire   . . .        a - melded +0 mace
rCold   + . .        (shield currently unavailable)
rNeg    . . .        k - melded +0 scale mail
rPois   +            (helmet unavailable)
rElec   .            A - melded +0 cloak
rCorr   .            m - melded +0 pair of gloves
SInv    .            (boots currently unavailable)
Will    .....        D - amulet of guardian spirit
Stlth   +++          v - ring of protection from cold
HPRegen 0.27/turn    (no ring)
MPRegen 0.11/turn

%: guardian spirit
@: snake-form, very slow
A: constrict, reduced hp, permanent stasis, dig shafts and tunnels, large,
(antennae 3), four strong arms
a: Begin Untransformation, Renounce Religion, Bend Time


You were on level 6 of the Dungeon.
You worshipped Cheibriados.
Cheibriados was pleased with you.
You were an enormous serpent.
You visited 1 branch of the dungeon, and saw 7 of its levels.

You collected 232 gold pieces.

Inventory:

Hand Weapons
 a - a +0 mace (melded)
 i - a +0 glaive
Missiles
 u - 7 boomerangs (quivered)
Armour
 k - a +0 scale mail (melded)
 m - a +0 pair of gloves (melded)
 A - a +0 cloak (melded)
Jewellery
 v - a ring of protection from cold (left hand)
 B - an amulet of magic regeneration
 D - an amulet of guardian spirit (around neck)
Talismans
 p - a granite talisman
 r - a serpent talisman (active)
 s - a maw talisman
Wands
 f - a wand of digging (2)
 o - a wand of polymorph (7)
Scrolls
 c - 3 scrolls of fog
 d - 2 scrolls of revelation
 g - a scroll of enchant armour {unknown}
 h - a scroll of torment {unknown}
 n - a scroll of fear
 q - a scroll of vulnerability {unknown}
 w - a scroll of immolation {unknown}
 x - a scroll of silence {unknown}
 y - 2 scrolls of noise {unknown}
 z - a scroll of enchant weapon {unknown}
Potions
 b - 2 potions of lignification
 e - a potion of degeneration
 j - 2 potions of enlightenment
 l - 3 potions of brilliance
 t - a potion of resistance
 C - a potion of berserk rage {unknown}


   Skills:
 - Level 4.0 Fighting
 - Level 2.7 Maces & Flails
 - Level 2.0 Dodging
 - Level 6.1 Stealth
 + Level 4.1 Unarmed Combat
 - Level 6.0 Shapeshifting


You had 7 spell levels left.
You didn't know any spells.
Your spell library contained the following spells:

 Spells                   Type           Power      Damage    Failure   Level
 Static Discharge         Conj/Air       0%         3-3/arc   47%         2
 Frozen Ramparts          Ice            0%         1d1       71%         3
 Airstrike                Air            0%         2d(0-16)  98%         4
 Leda's Liquefaction      Alch/Erth      0%         N/A       98%         4
 Petrify                  Alch/Erth      0%         N/A       98%         4
 Summon Lightning Spire   Summ/Air       0%         N/A       98%         4
 Metabolic Englaciation   Hex/Ice        0%         N/A       100%        5


Dungeon Overview and Level Annotations

Branches:
Dungeon (7/15)
 Temple: D:4-7

Altars:
Cheibriados
Nemelex Xobeh
Ru
Vehumet
Xom
Yredelemnul
Zin

Annotations:
D:4 3 runed translucent doors, goupaloupa's ghost, novice HOFi


Innate Abilities, Weirdness & Mutations

You are an enormous serpent.
You have a powerful constriction melee attack.
Your maximum health is decreased, since you lack skill for your form.
Your armour is entirely melded.
You are incapable of wielding weapons or throwing items.
You cannot be hasted, slowed, berserked, paralysed or teleported.
You can dig through walls and to a lower floor.
((You have a pair of large antennae on your head. (SInv)))
Your four strong arms can wield two-handed weapons with a shield.


Message History

The bombardier beetle is lightly wounded.
You constrict the bombardier beetle. You lash the bombardier beetle!
You kill the bombardier beetle!
Your Unarmed Combat skill increases to level 4!
No target in view!
You start resting.
Magic restored.
HP restored.
An adder comes into view.
An adder is nearby!
An adder is nearby!
An adder is nearby!
The helpless adder fails to defend itself.
You body-slam the adder!!
You kill the adder!
Cheibriados appreciates the change of pace.
You have reached level 8!
You feel clever.
A two-headed ogre comes into view.
It is wielding a +0 giant club and a +0 giant spiked club.
Unknown command.
Aiming: Polymorph
Press: ? - help, Shift-Dir - straight line, f - two-headed ogre
Aim: a two-headed ogre, wielding a +0 giant club and a +0 giant spiked club (asleep, will become a steelbarb worm, an eye of devastation, or a cyclops, chance to affect: 31%)
Okay, then.
Found a stone staircase leading down.
The two-headed ogre shouts in stereo!
You lash the two-headed ogre! Your grab misses the two-headed ogre.
The two-headed ogre is moderately wounded.
The two-headed ogre hits you with a +0 giant club!!
Ouch! That really hurt!
* * * LOW HITPOINT WARNING * * *
The two-headed ogre hits you with a +0 giant spiked club.
* * * LOW HITPOINT WARNING * * *
You lash the two-headed ogre! You grab the two-headed ogre.
The two-headed ogre is heavily wounded.
You constrict the two-headed ogre.
The two-headed ogre hits you with a +0 giant club!!
Ouch! That really hurt!
You die...

##.##
#......#
#..#
#.....##
##.##
##..###
##..# #..#
#####..##
#..#
#......##
#..#
###.....#
#..#
#......#
#..#
#.....S#
##.#
#.....O.#
#..
#..#....#
#..#.....
#.###....#
## #....#
#>....
##.....


You could see a two-headed ogre.

Vanquished Creatures
  An ogre (D:5)
  A centaur (D:4)
  A jelly (D:4)
  A bombardier beetle (D:6)
  2 orc priests
  3 hounds
  A gnoll bouda (D:5)
  An iguana (D:5)
  A scorpion zombie (D:4)
  4 orc wizards
  A howler monkey zombie (D:4)
  3 gnolls (D:5)
  4 adders
  3 dart slugs
  10 orcs
  6 ball pythons
  2 bats
  6 endoplasms
  5 giant cockroaches
  9 goblins
  7 hobgoblins
  A quokka (D:2)
  4 frilled lizards
  6 kobolds
  11 rats
94 creatures vanquished.

Notes
Turn   | Place    | Note
-------+----------+-------------------------------------------
     0 | D:5      | GordonOverkill the Formicid Delver began the quest for the
                  | Orb.
     0 | D:5      | Reached XP level 1. HP: 18/18 MP: 1/1
    17 | D:6      | Found a shimmering altar of Xom.
    17 | D:6      | Noticed an angel
    18 | D:6      | Found a glowing silver altar of Zin.
    69 | D:7      | Noticed an ice beast
   252 | D:5      | Reached XP level 2. HP: 2/24 MP: 2/2
   252 | D:5      | HP: 1/24 [poisoned by an adder]
   516 | D:5      | Found a radiant altar of Vehumet.
   648 | D:3      | Found a faded altar of an unknown god.
   799 | D:2      | Reached XP level 3. HP: 25/30 MP: 3/3
  1355 | D:1      | Reached skill level 1 in Shapeshifting
  1360 | D:1      | Reached XP level 4. HP: 37/37 MP: 4/4
  2339 | D:2      | Reached XP level 5. HP: 42/42 MP: 5/5
  3013 | D:3      | Found a sparkling altar of Nemelex Xobeh.
  3338 | D:3      | Prayed at the altar of an unknown god.
  3338 | D:3      | Became a worshipper of Cheibriados the Contemplative
  3338 | D:3      | Reached * piety under Cheibriados
  3691 | D:4      | Noticed a centaur
  3705 | D:4      | Killed a centaur
  3706 | D:4      | Reached XP level 6. HP: 34/48 MP: 6/6
  3892 | D:4      | Reached skill level 5 in Shapeshifting
  4259 | D:4      | Found a runed translucent gate.
  4259 | D:4      | Found a runed translucent gate.
  4259 | D:4      | Found a runed translucent gate.
  4259 | D:4      | Noticed goupaloupa's ghost (novice HOFi)
  4261 | D:4      | Found a basalt altar of Yredelemnul.
  4482 | D:4      | Reached XP level 7. HP: 54/54 MP: 7/7
  4565 | D:4      | Found a sacrificial altar of Ru.
  5470 | D:5      | Reached skill level 1 in Unarmed Combat
  5988 | D:5      | Reached ** piety under Cheibriados
  6637 | D:6      | Reached XP level 8. HP: 43/60 MP: 8/8
  6650 | D:6      | Noticed a two-headed ogre
  6655 | D:6      | Demolished by a two-headed ogre

Illustrated notes

Levels and vault maps discovered:
D:1:      lightli_arrival_chessboard, layout_loops_cross, st_stairs_2
D:2:      layout_rooms, roderic_lattice_a
D:3:      layout_basic, nemelex_spade_bored_becter,
          chequers_ecumenical_altar_simple_redux
D:4:      layout_layer_cave, nicolae_yredelemnul_ghost_church,
          mainiacjoe_overflow_alcove_2
D:5:      layout_gridville, fiery_altar_vehumet, amcnicky_mini_corridor_feature
D:6:      layout_cave_pods, grunt_temple_overflow_order_and_chaos_1,
          serial_park_tiny_2
D:7:      layout_loops_ring, nicolae_dithmenos_the_darkroom,
          nicolae_overflow_crystal_walls, minmay_temple_entry_tees,
          gammafunk_ghost_stat_death

Skill      XL: |  1  2  3  4  5  6  7 |
---------------+----------------------+-----
Dodging        | 2 |  2.0
Fighting       | 4 |  4.0
Shapeshifting  | 1 2 4 5 6 |  6.0
Unarmed Combat | 4 |  4.1
Maces & Flails | |  2.7
Stealth        | |  6.1

Action                     |  1- 3 |  4- 6 |  7- 9 || total
---------------------------+-------+-------+-------++-------
  Melee: Mace              |    64 |   207 |     4 ||   275
         Punch             |       |     3 |       ||     3
         Unarmed           |       |       |    40 ||    40
         Constrict         |       |       |    14 ||    14
  Throw: Boomerang         |       |     3 |       ||     3
Ability: Dig               |       |     1 |       ||     1
  Evoke: Wand              |       |     1 |       ||     1
    Use: Scroll            |       |     4 |     1 ||     5
         Potion            |       |       |     2 ||     2
   Stab: Sleeping          |     6 |     7 |     1 ||    14
         Distracted        |       |     1 |     1 ||     2
 Armour: Leather armour    |    33 |       |       ||    33
         Scale mail        |       |   185 |     1 ||   186
         Skin              |       |       |    35 ||    35
  Dodge: Dodged            |    37 |   136 |    12 ||   185
   Form: Serpent           |       |       |     1 ||     1
